[Event "*** Titled Tuesday Blitz"]
[Site "Chess.com"]
[Date "2020.11.24"]
[Round "7"]
[White "Jungle_Jaguar"]
[Black "maxip32"]
[Result "0-1"]
[WhiteElo "2603"]
[BlackElo "2490"]
[TimeControl "180+1"]
[EndTime "11:35:45 PST"]
[Termination "maxip32 won on time"]

1. e4 e5 2. Nf3 Nf6 3. Nxe5 d6 4.
Nf3 Nxe4 5. Nc3 Nxc3 6. dxc3 Be7 7. Bf4 Nc6 8. Qd2 Be6 9. O-O-O O-O 10. Kb1 Qd7 11. Bd3 Bg4 12. h3 Bf5 13. g4 Bxd3 14. Qxd3 Rae8 15. g5 Bd8 16. h4 Qg4 17. Bc1 Qe4 18.
h5 Qxd3 19. Rxd3 Ne5 20. Nxe5 Rxe5 21. f4 Re2 22. h6 g6 23. b3 Rfe8 24. Rhh3 Rg2 25.
Rhe3 Rxe3 26. Rxe3 Kf8 27. c4 f6 28. gxf6 Bxf6 29.
Re1 Rh2 30. Be3 a6 31. f5 gxf5 32. Rf1 Kf7 33. a4 Ke6 34. b4 Rh4 35. Bf4 Be5 36. Bd2 Rxc4 37. Rg1 Rg4 38. Re1 f4 39. b5 axb5 40.
axb5 b6 41. Ka2 Kf5 42. Kb3 f3 43. Rf1 Rg3 44. Kc4 Bf4 45. Be1 Rh3 46. Kd5 Kg4 47. c4 Bg3 48. Bc3 Rh5+ 49. Ke6 Rc5 50. Kf7 Bf4 51.
Kg7 Rh5 52. Kxh7 Rxh6+ 53. Kg7 Rh5 54. Bd4 Bg3 55. Kf7 Rh4 56. Ke6 Kh3 57. Be3 Kg2 0-1

[Event "*** Titled Tuesday Blitz"]
[Site "Chess.com"]
[Date "2020.11.24"]
[Round "7"]
[White "MatyChess1"]
[Black "Bastiandash"]
[Result "1-0"]
[WhiteElo "2590"]
[BlackElo "2417"]
[TimeControl "180+1"]
[EndTime "11:35:45 PST"]
[Termination "MatyChess1 won on time"]

1. e4 c6 2. Nf3 d5 3. Nc3 dxe4 4. Nxe4 Nf6 5. Qe2 Nxe4 6. Qxe4 Nd7 7. Bc4 Nf6 8. Ne5 e6 9. Qe2 Qc7 10. b3 b5 11. Bd3 a6 12. Bb2 Bb7 13. O-O Bd6 14. a4 O-O 15. f4 Nd5 16. Rf3 f5 17. Raf1 Rae8 18. Rh3 bxa4 19. Bc4 a3 20. Ba1 Rf6 21. Qh5 g6 22. Qh4 Ref8 23. Nf3 R6f7 24. g3 c5 25. Ng5 Re7 26. Qh6 e5 27. fxe5 Bxe5 28. Bxe5 Qxe5 29.
Nxh7 Qd4+ 30. Kg2 Qxd2+ 31. Rf2 Qxh6 32. Rxh6 Rxh7 33. Rxg6+ Rg7 34. Rd6 f4 35. Bxd5+ Bxd5+ 36. Rxd5 fxg3 37. Rxf8+ Kxf8 38. Rd8+ Ke7 39. Rd1 Ke6 40. Ra1 gxh2+ 41. Kxh2 Rd7 42. Kg3 Rd2 43. Rxa3 Rxc2 44. Rxa6+ Kd5 45. Kf4 Rc3 46. Rb6 Rc1 47. Ke3 Rh1 48.
Kd2 Rh3 49. Kc2 Kd4 50. Rb8 Rh2+ 51. Kb1 Kc3 52. Rb5 Rh1+ 53. Ka2 Kd4 54. Rb8 Rh2+ 55.
Ka3 1-0

[Event "*** Titled Tuesday Blitz"]
[Site "Chess.com"]
[Date "2020.11.24"]
[Round "7"]
[White "Shuvalov"]
[Black "GMJustin"]
[Result "1/2-1/2"]
[WhiteElo "2456"]
[BlackElo "2288"]
[TimeControl "180+1"]
[EndTime "11:35:45 PST"]
[Termination "Game drawn by repetition"]

1. Nf3 Nf6 2. c4 c5 3. g3 g6 4. Bg2 Bg7 5. O-O d5 6. d4 cxd4 7. Nxd4 e5 8. Nf3 Nc6 9. Bg5 d4 10. e3 h6 11. Bxf6 Bxf6 12. exd4 exd4 13. Re1+ Kf8 14. Nbd2 d3 15. Qb3 Kg7 16. Rad1 Qb6 17.
Qxd3 Rd8 18. Qc2 Qxb2 19. Qxb2 Bxb2 20. Ne4 Be6 21. Nd6 Rd7 22. c5 Ba3 23. Ne5 Nxe5 24. Rxe5 Rad8 25. Bxb7 Rxb7 26. Nf5+ Bxf5 27. Rxd8 Bh3 28. f4 Rb1+ 29. Kf2 Rc1 30. Rdd5 Be6 31. Rd2 Bxc5+ 32. Kg2 Rc3 33. Ree2 Bb6 34. Rc2 Bd5+ 35. Kh3 Ra3 36. Red2 Be4 37. Rb2 h5 38. Re2 Bf3 39. Red2 h4 40. Kxh4 Be4 41. Kh3 Bf5+ 42. Kg2 Be6 43.
Re2 Rd3 44. Rbd2 Rc3 45. Rc2 Bd5+ 46. Kh3 Rf3 47. Rcd2 Be6+ 48. Kg2 Ra3 49. Rc2 Ra4 50. Rcd2 Bf5 51. Rb2 Bg4 52. Red2 Ra3 53. Rbc2 Bf3+ 54. Kh3 Be4 55. Rb2 Bf5+ 56. Kg2 Be4+ 57. Kh3 1/2-1/2

[Event "*** Titled Tuesday Blitz"]
[Site "Chess.com"]
[Date "2020.11.24"]
[Round "7"]
[White "Sebastian"]
[Black "tigra"]
[Result "1-0"]
[WhiteElo "2922"]
[BlackElo "2796"]
[TimeControl "180+1"]
[EndTime "11:35:46 PST"]
[Termination "Sebastian won by resignation"]

1. e4 c5 2. Nf3 d6 3. d4 cxd4 4. Nxd4 Nf6 5. Nc3 a6 6. Be3 Ng4 7. Bc1 Nf6 8. f3 e5 9. Nb3 Be6 10. Be3 h5 11. Nd5 Nbd7 12. c4 a5 13. Qd2 a4 14.
Nc1 Qb8 15. Ne2 b5 16. Nec3 b4 17. Nb5 Bxd5 18. cxd5 Be7 19. Qxb4 O-O 20. Be2 Rc8 21. O-O Bd8 22. Qxd6 Rc2 23. Bd3 Rxb2 24. Qxb8 Rxb8 25. Rfb1 Rxb1+ 26. Rxb1 Bb6 27. Bxb6 Rxb6 28. Nc3 Rxb1+ 29. Bxb1 Nb6 30. Bc2 a3 31. Nb5 Nfd7 32. Nxa3 Nc5 33. Nb5 Kf8 34. Nc3 Ke7 35. a4 g6 36. Kf2 h4 37. g3 hxg3+ 38. hxg3 Kd6 39. Bd1 Nd3+ 40.
Ke3 Nb4 41. Be2 Nc2+ 42. Kd2 Nd4 43. Nb5+ Kc5 44. Nxd4 exd4 45. a5 Nc8 46. a6 f5 47.
Bd3 fxe4 48. fxe4 g5 49. Be2 Kd6 50. Kd3 Ke5 51. Bg4 Na7 52. Bd7 Kd6 53. Bg4 Ke5 54. Bd7 Kd6 55. Bf5 Kc5 56. Bh3 Nb5 57. Bd7 Na7 58.
Ba4 Kb4 59. Bd1 Kc5 60. Ke2 Nb5 61. Kf3 d3 62. Ke3 Kc4 63. d6 Nxd6 64. a7 Kc3 65.
a8=Q Nc4+ 1-0

[Event "*** Titled Tuesday Blitz"]
[Site "Chess.com"]
[Date "2020.11.24"]
[Round "7"]
[White "GM_Levan_Pantsulaia"]
[Black "xberli"]
[Result "0-1"]
[WhiteElo "2806"]
[BlackElo "2585"]
[TimeControl "180+1"]
[EndTime "11:35:49 PST"]
[Termination "xberli won on time"]

1. g3 Nf6 2. Bg2 e6 3. Nf3 d5 4. O-O Be7 5. d3 O-O 6. Nbd2 a5 7. e4 c5 8. Re1 Nc6 9. a4 b6 10. e5 Nd7 11. Nf1 Ba6 12. h4 Rc8 13. h5 Nd4 14.
N1h2 Qc7 15. Bf4 b5 16. axb5 Bxb5 17. h6 g6 18. Ng4 Nf5 19. Bg5 Kh8 20. Qd2 Ra8 21.
Bxe7 Nxe7 22. Ng5 Nf5 23. c4 Bc6 24. cxd5 Bxd5 25. Bxd5 exd5 26. e6 f6 27. exd7 fxg5 28. Ne5 Nd4 29. Qxg5 Qd6 30. Rxa5 Rxa5 31. Nf7+ Kg8 32.
Nxd6 Nf3+ 33. Kg2 Nxg5 34. Re7 Raa8 35. Rg7+ Kh8 36. f4 Ne6 37. Re7 Nd8 38. Kf3 c4 39. dxc4 dxc4 40. Ke4 Ra6 41. Nxc4 Re6+ 42. Rxe6 Nxe6 43. Ke5 Nd8 44. Nd6 Kg8 45. b4 Nf7+ 46. Ke6 Nd8+ 47. Kd5 Rf6 48. b5 Kf8 49. Nc8 Rf5+ 50.
Kc4 g5 51. b6 gxf4 52. gxf4 Rxf4+ 53. Kc5 Rf6 54. Kb5 Rxh6 55. Ka6 Rf6 56. Ka7 Rf7 0-1

[Event "*** Titled Tuesday Blitz"]
[Site "Chess.com"]
[Date "2020.11.24"]
[Round "7"]
[White "Smile2005"]
[Black "skoularikii"]
[Result "1-0"]
[WhiteElo "2361"]
[BlackElo "2462"]
[TimeControl "180+1"]
[EndTime "11:35:50 PST"]
[Termination "Smile2005 won by resignation"]

1. Nf3 d5 2. g3 Nf6 3. Bg2 g6 4.
O-O Bg7 5. d3 O-O 6. Nc3 d4 7.
Na4 Nc6 8. c4 dxc3 9. Nxc3 e5 10.
a3 h6 11. Bd2 a5 12. b3 Be6 13. Rc1 Qe7 14. Nb5 Bd5 15. Bc3 Rfc8 16. Nd2 Nd4 17. Nxd4 Bxg2 18. Kxg2 exd4 19. Bxd4 Qxa3 20. Bxf6 Bxf6 21.
Ne4 Bd4 22. e3 Bg7 23. d4 Qe7 24. Nc5 b6 25. Nd3 c5 26. dxc5 Rd8 27. Qf3 Rac8 28. cxb6 Rxc1 29. Nxc1 Qc5 30. Rd1 Rxd1 31. Qxd1 Qxb6 32.
Qd5 Qc7 33. Nd3 Kh7 34. Nf4 h5 35. h4 Qe7 36. Qxa5 Qe4+ 37. Kh2 Qc2 38. Qe1 Qxb3 39. Qe2 Bc3 40. Qf3 Kg7 41. g4 hxg4 42. Qxg4 Qc2 43.
Kg2 Kf8 44. Qc8+ Kg7 45. Qg4 Be1 46. Qg3 Qc6+ 47. Qf3 Qc2 48. h5 g5 49. Ne2 f5 50.
Nd4 Qd2 51. Nxf5+ Kf6 52. Ng3+ Kg7 53. Nf5+ Kf6 54. h6 Kg6 55. e4 Qd7 56. Qg3 Qe6 57. f3 Qf6 58. Qxe1 1-0

[Event "*** Titled Tuesday Blitz"]
[Site "Chess.com"]
[Date "2020.11.24"]
[Round "7"]
[White "orestn"]
[Black "zocpoc71"]
[Result "0-1"]
[WhiteElo "2289"]
[BlackElo "2492"]
[TimeControl "180+1"]
[EndTime "11:35:52 PST"]
[Termination "zocpoc71 won by resignation"]

1. e4 e5 2. Nf3 Nc6 3. Bb5 Bc5 4. O-O Qf6 5. Nc3 Nge7 6. Nd5 Nxd5 7. exd5 Nd4 8. Nxd4 Bxd4 9. c3 Bb6 10. d4 O-O 11. dxe5 Qxe5 12. Qf3 d6 13. Bf4 Qf6 14. Rae1 Bf5 15.
Qg3 h6 16. Be3 a6 17. Bc4 Rae8 18. Bxb6 cxb6 19. Bd3 Bxd3 20. Qxd3 b5 21. Re3 Rxe3 22. Qxe3 Qe5 23. Qxe5 dxe5 24. Re1 f6 25. Rd1 Rc8 26. Kf1 Kf7 27. Ke2 Ke7 28. Rd3 Kd6 29. h4 Rc4 30.
Rg3 g5 31. hxg5 hxg5 32. Rf3 Rf4 33. Rd3 Rc4 34. Rf3 Rf4 35. Rd3 f5 36. b3 Rg4 37.
g3 Re4+ 38. Kd2 g4 39. Kd1 a5 40. Kd2 a4 41. Kd1 a3 42. Kd2 f4 43. gxf4 exf4 44. b4 Re5 45. c4 bxc4 46. Rxa3 Rxd5+ 47. Kc2 b5 48. Ra8 Rg5 49. Rd8+ Kc7 50. Rf8 g3 51. fxg3 fxg3 52. Rf1 g2 53. Rg1 Rg3 54. Kd2 Kd6 55. Ke2 Ke5 56. Kf2 Rg8 57. Re1+ Kd4 58.
Kg1 c3 59. Re7 c2 60. Rc7 Kd3 61. Rc5 Kd2 62. Rd5+ Kc3 63. Rc5+ Kb2 64. a4 bxa4 65. b5 0-1

[Event "*** Titled Tuesday Blitz"]
[Site "Chess.com"]
[Date "2020.11.24"]
[Round "7"]
[White "SHIVACalypso"]
[Black "LiderChessAcademy"]
[Result "0-1"]
[WhiteElo "2426"]
[BlackElo "2559"]
[TimeControl "180+1"]
[EndTime "11:35:54 PST"]
[Termination "LiderChessAcademy won by checkmate"]

1. Nf3 c5 2. c4 Nc6 3. g3 g6 4. Bg2 Bg7 5. O-O e5 6. Nc3 Nge7 7. Ne1 d6 8. Nc2 Be6 9. Ne3 O-O 10. Ned5 Rb8 11.
d3 a6 12. a4 Qd7 13. a5 Bh3 14. Nb6 Qe6 15. Ncd5 Bxg2 16. Kxg2 f5 17. Bg5 h6 18. Bxe7 Nxe7 19. Nxe7+ Qxe7 20. Nd5 Qf7 21. e4 Rbe8 22. f3 h5 23. Qd2 Kh7 24. Rab1 Bh6 25. Qe2 f4 26. b4 g5 27. g4 hxg4 28. fxg4 Rg8 29. bxc5 dxc5 30. Rb6 Rg7 31. Rf3 Re6 32. Qb2 Rxb6 33. Qxb6 Rg6 34. Qxc5 Bf8 35. Qc7 Qxc7 36. Nxc7 Bb4 37. Rh3+ Kg8 38. Nd5 Bc5 39. Rf3 Rg7 40. Rf1 Kf7 41. Rb1 Ke6 42. Kf3 Rh7 43. Rb2 Rh3+ 44.
Kg2 Rxd3 45. Rxb7 Rd2+ 46. Kf3 Rd3+ 47. Ke2 Rh3 48. Rc7 Rxh2+ 49. Kd3 Bd4 50. Rc6+ Kd7 51. Rxa6 Rh3+ 52. Kc2 f3 53. Rf6 f2 54. a6 Ra3 55.
a7 Rxa7 56. Kd3 Ra1 57. Ke2 Re1+ 58. Kd2 f1=Q 59. Rg6 Qe2# 0-1

[Event "*** Titled Tuesday Blitz"]
[Site "Chess.com"]
[Date "2020.11.24"]
[Round "7"]
[White "Ranindu2003"]
[Black "mr_gustavo"]
[Result "1-0"]
[WhiteElo "2555"]
[BlackElo "2394"]
[TimeControl "180+1"]
[EndTime "11:35:54 PST"]
[Termination "Ranindu2003 won on time"]

1. e4 c5 2. Nf3 d6 3. d4 cxd4 4.
Nxd4 Nf6 5. Nc3 a6 6. h3 e5 7.
Nb3 Be7 8. g4 b5 9. g5 Nfd7 10.
h4 Bb7 11. Bg2 Nc6 12. Be3 Nc5 13. Nd5 Rc8 14. Qd2 a5 15. Rd1 a4 16. Nxc5 dxc5 17.
Bh3 Rb8 18. Qe2 Nd4 19. Bxd4 cxd4 20. Qxb5+ Kf8 21. Nb6 Bxe4 22. Nd7+ Kg8 23. Nxb8 Bxh1 24. Qxe5 h6 25. Rxd4 Qe8 26. Kf1 hxg5 27. Bd7 Qf8 28. Bb5 Rxh4 29. Nd7 Qd8 30. Nf6+ gxf6 31. Rxd8+ Bxd8 32. Qe8+ Kg7 33. Qxd8 Bf3 34. Ke1 Rh1+ 35. Bf1 Bg2 36.
Qd3 Bxf1 37. Qxf1 Rxf1+ 38. Kxf1 f5 39. b3 axb3 40. cxb3 Kf6 41. Ke2 Ke5 42. Ke3 Kd5 43. a4 f4+ 44. Kf3 f5 45. b4 Kc4 46. b5 Kc5 47.
Ke2 Kb6 48. Kd3 g4 49. Ke2 g3 50. Kf1 Ka5 51. Kg2 Kb6 52. fxg3 fxg3 53. Kxg3 Ka5 54.
Kf4 Kxa4 55. b6 Kb5 56. b7 Ka6 57. b8=Q Ka5 58. Kxf5 Ka4 59. Ke4 1-0

[Event "*** Titled Tuesday Blitz"]
[Site "Chess.com"]
[Date "2020.11.24"]
[Round "7"]
[White "PlotnikovPavel"]
[Black "VinzentSpitzl"]
[Result "1/2-1/2"]
[WhiteElo "2481"]
[BlackElo "2369"]
[TimeControl "180+1"]
[EndTime "11:35:54 PST"]
[Termination "Game drawn by agreement"]

1. e4 c5 2. Nc3 Nc6 3. Bb5 Nd4 4.
Nf3 Nxb5 5. Nxb5 d6 6. d4 a6 7. Nc3 cxd4 8. Qxd4 e5 9. Qd3 h6 10. O-O Nf6 11. Be3 Be7 12. h3 Be6 13. Rad1 O-O 14. Nh4 Qc7 15. Nf5 Bxf5 16. exf5 Rac8 17. f4 b5 18. Rd2 Rfe8 19. Qe2 d5 20. Nxd5 Nxd5 21. Rxd5 exf4 22. Bxf4 Qxc2 23. Qxc2 Rxc2 24. Re5 Bc5+ 25.
Kh2 Rxe5 26. Bxe5 f6 27. Bf4 Rxb2 28. Rc1 Bd4 29. a4 bxa4 30. Rc4 Be5 31. Bxe5 fxe5 32. Rxa4 Rb6 33. Ra5 Kf7 34. Rxe5 Rb5 35. Re6 Rxf5 36. Rxa6 Rf6 37. Ra7+ Kg6 38. Kg3 Re6 39. Kf3 Rf6+ 40. Kg4 Rb6 41. Ra4 Rc6 42. Kf4 Rb6 43. g3 h5 44. h4 Rf6+ 45. Ke3 Re6+ 46. Kf3 Rb6 47.
Ra5 Rf6+ 48. Kg2 Rb6 49. Rg5+ Kh6 50. Re5 g6 51. Re7 Rc6 52. Kh3 Rb6 53. Rc7 Rd6 54.
Rc3 Rb6 55. g4 hxg4+ 56. Kxg4 Rb4+ 57. Kg3 Rb5 58. Rc6 Kh5 59. Rc3 Rd5 60. Re3 Rb5 61. Re8 Rb3+ 62. Kf4 Rb4+ 63. Kg3 Rb3+ 64. Kf4 Rb4+ 65. Kg3 Rg4+ 66. Kf3 Rxh4 67. Kg3 Ra4 68. Re3 Kg5 69. Rb3 Ra5 70. Rc3 Rf5 71.
Re3 Kh5 1/2-1/2

[Event "*** Titled Tuesday Blitz"]
[Site "Chess.com"]
[Date "2020.11.24"]
[Round "7"]
[White "OsorioFernando"]
[Black "FLamps8"]
[Result "0-1"]
[WhiteElo "2330"]
[BlackElo "2482"]
[TimeControl "180+1"]
[EndTime "11:35:54 PST"]
[Termination "FLamps8 won on time"]

1. e4 c6 2. d4 d5 3. e5 Bf5 4. Be3 e6 5. Nd2 c5 6. Bb5+ Nc6 7. c3 Qb6 8. a4 a6 9. dxc5 Bxc5 10.
Bxc5 Qxc5 11. Nb3 Qb6 12. Bxc6+ bxc6 13. Nf3 Bg4 14. a5 Qb8 15. Nbd4 Ne7 16. O-O Qxb2 17. Nxc6 Bxf3 18. Qa4 Qb5 19. Nxe7 Qxa4 20. Rxa4 Bxg2 21. Rb1 Be4 22. Rb7 d4 23. Rc7 d3 24.
Kf1 Bf3 25. Ke1 Rd8 26. Kd2 Rd7 27. Rac4 Kxe7 28. Rxd7+ Kxd7 29. Rf4 Bh5 30. Kxd3 Bg6+ 31. Ke3 Rc8 32. Kd2 Ke7 33. Rb4 Rc5 34. Rb6 Rxa5 35. Rb7+ Kd8 36. f4 Ra2+ 37. Ke3 a5 38. Rb8+ Kc7 39.
Ra8 a4 40. Kd4 a3 41. Kc5 Be4 42. Ra7+ Bb7 43. c4 Ra1 44. Kb4 a2 45. Kc5 Kb8 46. Ra3 Kc7 47. h4 f6 48. exf6 gxf6 49. Ra7 e5 50.
fxe5 fxe5 51. Ra3 e4 52. Ra5 e3 0-1

[Event "*** Titled Tuesday Blitz"]
[Site "Chess.com"]
[Date "2020.11.24"]
[Round "7"]
[White "dretch"]
[Black "klimkoj"]
[Result "1-0"]
[WhiteElo "2802"]
[BlackElo "2624"]
[TimeControl "180+1"]
[EndTime "11:35:55 PST"]
[Termination "dretch won on time"]

1. d4 Nf6 2. c4 e6 3. Nc3 Bb4 4. Qc2 O-O 5. e4 d5 6. e5 Ne4 7. Bd3 c5 8. Nf3 cxd4 9. Nxd4 Nd7 10. Bf4 Ndc5 11. O-O Bxc3 12. bxc3 Nxd3 13. Qxd3 Nc5 14. Qg3 Kh8 15. Rad1 Ne4 16. Qe3 Qa5 17. cxd5 exd5 18. c4 b6 19. cxd5 Nc3 20. Rd3 Nxd5 21. Qf3 Bb7 22.
Nf5 Nxf4 23. Qxf4 Rae8 24. Re3 Qd5 25. Qg3 g6 26. Nd6 Re7 27. h4 f5 28. Rd3 Qe6 29.
Re1 Bc6 30. Qg5 f4 31. h5 Rg7 32. h6 Rd7 33. Rd4 f3 34. Rf4 Rxf4 35. Qxf4 Kg8 36. Rd1 fxg2 37. Qg3 Bd5 38. f3 Bc6 39. Kxg2 Rd8 40.
Rd2 Rf8 41. Rf2 Qd5 42. Qg5 Rxf3 43. Rxf3 Qxf3+ 44. Kg1 Qh1+ 45. Kf2 Qf3+ 46. Ke1 Qc3+ 47. Ke2 Qf3+ 48. Kd2 Qf2+ 49. Kd3 Qf3+ 50. Kd4 Qd5+ 51.
Ke3 Qf3+ 52. Kd4 Qd5+ 53. Kc3 Qc5+ 54. Nc4 1-0

[Event "*** Titled Tuesday Blitz"]
[Site "Chess.com"]
[Date "2020.11.24"]
[Round "7"]
[White "SerGo055"]
[Black "GurevichMikhail"]
[Result "1-0"]
[WhiteElo "2497"]
[BlackElo "2605"]
[TimeControl "180+1"]
[EndTime "11:35:55 PST"]
[Termination "SerGo055 won by resignation"]

1. d4 d6 2. Nf3 g6 3. c4 f5 4. Nc3 Nf6 5. g3 Bg7 6. Bg2 O-O 7. O-O Qe8 8. d5 Na6 9. Nd4 Bd7 10. b3 c6 11.
dxc6 bxc6 12. Bb2 Rd8 13. Qd2 e5 14. Nf3 Bc8 15. Rad1 Qe7 16. Ba3 Nc5 17. Qc2 f4 18. Bxc5 dxc5 19. Ng5 Bf5 20. Qc1 Qc7 21. Nge4 Nxe4 22.
Bxe4 Rd4 23. Qc2 Bh6 24. f3 Qd7 25. g4 Be6 26. Rd3 Bg7 27. Qc1 Rd8 28. Qa3 Bf8 29. h3 Qd6 30. Qc1 Bd7 31. Qe1 Qf6 32. Qf2 Be7 33.
Rfd1 Be8 34. Kg2 Kg7 35. Rh1 h5 36. Na4 Rxd3 37. exd3 Rd4 38. Nc3 Qf8 39. gxh5 gxh5 40.
Kh2 Kh6 41. Rg1 Bf6 42. Qg2 Rd7 43. Qg6+ Bxg6 44. Rxg6+ Kh7 45. Rxf6+ Kg7 46. Rxf8 Kxf8 47. Na4 Rg7 48. Nxc5 Ke7 49. Na6 Kd6 50. c5+ Kd7 51.
Nb8+ Ke6 52. Nxc6 Rc7 53. b4 a6 54. a3 Kd7 55. Nxe5+ Ke6 56. Nc4 Rd7 57. a4 Rd4 58. c6 Ke7 59. b5 axb5 60. axb5 Kd8 61. b6 Kc8 62. Bf5+ 1-0

[Event "*** Titled Tuesday Blitz"]
[Site "Chess.com"]
[Date "2020.11.24"]
[Round "7"]
[White "Vi_Los"]
[Black "wisdomboy"]
[Result "1-0"]
[WhiteElo "2357"]
[BlackElo "2161"]
[TimeControl "180+1"]
[EndTime "11:35:56 PST"]
[Termination "Vi_Los won by resignation"]

1. e4 c5 2. Nf3 d6 3. d4 cxd4 4.
Nxd4 Nf6 5. Nc3 a6 6. Be3 e6 7.
Be2 Nbd7 8. O-O b5 9. a3 Bb7 10. f3 Be7 11. Kh1 O-O 12. Qe1 Rc8 13. Bd3 Ne5 14.
Qg3 Nc4 15. Bxc4 Rxc4 16. Nb3 Re8 17. Rad1 Qb8 18. Rf2 d5 19. Qxb8 Rxb8 20. Na5 Rxc3 21. bxc3 dxe4 22. Nxb7 Rxb7 23. Bg5 exf3 24. Rxf3 h6 25.
Bh4 Rc7 26. Bg3 Rc4 27. Be5 Nd5 28. Rg3 f6 29. Bd4 e5 30. Bxe5 fxe5 31. Rxd5 Re4 32. Rd1 Bxa3 33. c4 b4 34. c5 Rc4 35. Rd8+ Kf7 36. Rd7+ Ke6 37. Rgxg7 Rxc2 38. Rd6+ Kf5 39.
h3 Rxc5 40. Rxa6 Rc1+ 41. Kh2 e4 42. Rf7+ Ke5 43. Rxh6 Bb2 44. Re7+ Kd4 45. Rd6+ Kc5 46. Rd8 b3 47. Rxe4 Rf1 48. Rc8+ Kb5 49. Rb8+ Kc5 50. Rxb3 Kd5 51. Rg4 Be5+ 52. Rgg3 Rf2 53.
Kg1 Bxg3 54. Rxg3 Rf7 55. Kh2 Ke5 56. Rg4 Kf5 57. Kg3 Rh7 58. Rf4+ Kg5 59. h4+ Kg6 60.
Kh3 Rh8 61. Rf3 Ra8 62. g4 Ra1 63. h5+ Kg5 64. Rf5+ Kh6 65. Kg3 Ra3+ 66. Rf3 Ra4 67. Kh4 Rb4 68. Rf6+ Kg7 69. Kg5 Rb5+ 70. Rf5 Rb4 71.
h6+ Kh7 72. Kh5 Rb1 73. Rf7+ Kg8 74. Rg7+ Kh8 75. Re7 Rb5+ 76. Kg6 Rb6+ 77. Kh5 Rb5+ 78. g5 Rb1 79. Kg6 Rb6+ 80. Kh5 Rb1 81. Re8+ 1-0

[Event "*** Titled Tuesday Blitz"]
[Site "Chess.com"]
[Date "2020.11.24"]
[Round "7"]
[White "malakismayil"]
[Black "MaxLeto"]
[Result "1-0"]
[WhiteElo "2267"]
[BlackElo "2387"]
[TimeControl "180+1"]
[EndTime "11:35:58 PST"]
[Termination "malakismayil won by checkmate"]

1. e4 c5 2. Nf3 d6 3. d4 cxd4 4. Nxd4 Nf6 5. Nc3 a6 6. Bc4 e6 7. O-O b5 8. Bd3 Bb7 9. a3 Be7 10. Be3 Nbd7 11. h3 Nc5 12. f3 O-O 13. Nb3 Qc7 14.
Qd2 Rfd8 15. Qf2 Rac8 16. Rad1 Nfd7 17. Nd2 Bf6 18. Bd4 Nxd3 19. cxd3 Bxd4 20. Qxd4 Qc5 21. Nb3 Qxd4+ 22. Nxd4 Nc5 23. Kf2 d5 24. e5 f6 25. f4 Kf7 26. Ke3 Ke7 27. g4 Nd7 28.
Nf3 d4+ 29. Nxd4 fxe5 30. Nb3 Rf8 31. Rd2 exf4+ 32. Rxf4 Rxf4 33. Kxf4 Rf8+ 34. Kg3 Rf3+ 35. Kh2 Ne5 36. Nc5 Bc6 37. Re2 Kd6 38. d4 Nc4 39.
Rxe6+ Kc7 40. Nxa6+ Kb6 41. Nb4 Rf6 42. Rxc6+ Rxc6 43.
Nxc6 Kxc6 44. a4 Nxb2 45. axb5+ Kd6 46. Kg3 Nd3 47. Kf3 Ne1+ 48. Ke4 Nc2 49. Kd3 Ne1+ 50.
Kc4 Ng2 51. Ne4+ Kd7 52. Kc5 Nf4 53. b6 Nxh3 54. Nd6 Nf2 55. Nb5 Kc8 56. Kc6 Nxg4 57. b7+ Kb8 58. Nc7 Nf6 59. Na6+ Ka7 60. b8=Q+ Kxa6 61.
Qb6# 1-0

[Event "*** Titled Tuesday Blitz"]
[Site "Chess.com"]
[Date "2020.11.24"]
[Round "7"]
[White "Michaelson_11"]
[Black "lucachess49"]
[Result "0-1"]
[WhiteElo "2136"]
[BlackElo "2342"]
[TimeControl "180+1"]
[EndTime "11:35:58 PST"]
[Termination "lucachess49 won by resignation"]

1. e4 e5 2. Nf3 Nc6 3. Nc3 Nf6 4. Bb5 Bb4 5. O-O d6 6. d4 exd4 7. Nxd4 Bd7 8. Nd5 Bc5 9. Nf5 Bxf5 10. exf5 Nxd5 11. Qxd5 O-O 12. Bxc6 bxc6 13. Qxc6 Rb8 14. c3 Qf6 15. Qd5 Rfe8 16. b4 Bxb4 17. Be3 Bxc3 18. Rab1 a5 19. Rb7 Rxb7 20. Qxb7 c5 21. Qb5 Rc8 22. Rc1 Be5 23. Qxa5 Qxf5 24. a4 Qe4 25. Qa6 Ra8 26. Qb6 Qxa4 27. Re1 Qa5 28. Qb1 h6 29. Rc1 Qa2 30. Qe4 Rd8 31. Bxc5 Rc8 32.
h3 dxc5 33. Qxe5 c4 34. Qf5 Qa6 35. Rc3 Qc6 36. Qe5 Qc5 37. Qe4 h5 38. h4 g6 39. g3 Kg7 40. Kg2 Qc6 41. Kf3 Qxe4+ 42. Kxe4 Kf6 43. Kd4 Kf5 44. Rf3+ Ke6 45. Rc3 f5 46. Rxc4 Rxc4+ 47. Kxc4 f4 48. Kd3 Kf5 49. Ke2 Kg4 50. Kf1 fxg3 51. fxg3 Kxg3 52. Kg1 Kxh4 53. Kh2 g5 54. Kg2 g4 55. Kh2 g3+ 56. Kg2 Kg4 57.
Kg1 h4 58. Kh1 h3 59. Kg1 Kf3 60. Kf1 g2+ 61. Kg1 h2+ 0-1

[Event "*** Titled Tuesday Blitz"]
[Site "Chess.com"]
[Date "2020.11.24"]
[Round "7"]
[White "MPGM"]
[Black "yourstrulyme"]
[Result "1-0"]
[WhiteElo "2622"]
[BlackElo "2482"]
[TimeControl "180+1"]
[EndTime "11:36:00 PST"]
[Termination "MPGM won by resignation"]

1. d4 Nf6 2. c4 e6 3. Nc3 d5 4. cxd5 exd5 5. Bg5 Be7 6. e3 c6 7. Bd3 Nbd7 8. Nge2 O-O 9. O-O Re8 10. f3 b5 11. Qd2 Bb7 12. Rad1 Nf8 13. e4 b4 14. Na4 dxe4 15. fxe4 Nxe4 16. Bxe7 Qxe7 17. Bxe4 Qxe4 18. Ng3 Qd5 19. Nc5 Bc8 20. Qxb4 Bg4 21. Rde1 Rab8 22. Qc3 Red8 23. Rf4 Be6 24. b3 Qd6 25. Rfe4 Bd5 26.
Nf5 Qf6 27. Ne7+ Kh8 28. Nxd5 Rxd5 29. Re8 Rxe8 30. Rxe8 Kg8 31. Qe3 Qxd4 32. Qxd4 Rxd4 33. Ra8 Rd5 34. b4 g6 35. Rxa7 Kg7 36. a4 Rd4 37.
Rb7 Kf6 38. a5 Ne6 39. Nxe6 fxe6 40. a6 Rd1+ 41. Kf2 Ra1 42. a7 h5 43. Ke3 g5 44.
Kd4 h4 45. Kc5 Ke5 46. Kxc6 Kd4 47. Kb6 e5 48. Rb8 e4 49. a8=Q Rxa8 50. Rxa8 e3 51. b5 e2 52. Re8 Kd3 53. Kc6 Kd2 54. b6 e1=Q 55. Rxe1 Kxe1 56. b7 Kf2 57. b8=Q Kxg2 58. Kd5 g4 59. Ke4 g3 60. hxg3 h3 61. Ke3 h2 62.
Qb7+ Kxg3 63. Qh1 1-0

[Event "*** Titled Tuesday Blitz"]
[Site "Chess.com"]
[Date "2020.11.24"]
[Round "7"]
[White "Escanor89"]
[Black "DenisQ"]
[Result "0-1"]
[WhiteElo "2520"]
[BlackElo "2677"]
[TimeControl "180+1"]
[EndTime "11:36:03 PST"]
[Termination "DenisQ won on time"]

1. Nf3 Nf6 2. c4 c6 3. e3 d5 4. d4 Bf5 5. Nc3 e6 6. Be2 h6 7. O-O Nbd7 8. b3 Bd6 9. Bb2 O-O 10. Rc1 Qe7 11. Bd3 Bxd3 12. Qxd3 Ba3 13. Qe2 Rfd8 14. Rfd1 Bb4 15. h3 a6 16. Ne5 Nxe5 17.
dxe5 Nd7 18. f4 Nc5 19. Kh2 Rd7 20. Nb1 Ne4 21. a3 Bc5 22. b4 Ba7 23. c5 Bb8 24. Bd4 f6 25. exf6 Nxf6 26. Qb2 Ne4 27. Nd2 Nxd2 28.
Rxd2 Bc7 29. Be5 Bxe5 30. Qxe5 Qf6 31. Qxf6 gxf6 32. e4 Rad8 33. Rcd1 d4 34. Rd3 e5 35.
f5 Rg7 36. g4 Kf7 37. Rg1 Rh8 38.
Kg3 h5 39. Kf3 hxg4+ 40. hxg4 Rh3+ 41. Rg3 Rh1 42. Ke2 Rh4 43. Kf3 Rgh7 44. a4 Rh1 45.
g5 fxg5 46. Rxg5 Rf1+ 47. Kg2 Rf4 48. b5 axb5 49. axb5 Rxe4 50. bxc6 bxc6 51. Rg6 Rg7 52. Ra3 Rxg6+ 53. fxg6+ Kxg6 54. Ra6 Kf5 55. Rxc6 Re2+ 56. Kf3 Rc2 57. Rc8 e4+ 58. Kg3 d3 59. c6 d2 60. Rd8 e3 61. Kf3 Rc1 62. Kxe3 d1=Q 63. Rxd1 Rxd1 64. c7 Rc1 0-1

[Event "*** Titled Tuesday Blitz"]
[Site "Chess.com"]
[Date "2020.11.24"]
[Round "7"]
[White "JiiHart"]
[Black "IceBelka"]
[Result "0-1"]
[WhiteElo "2076"]
[BlackElo "2322"]
[TimeControl "180+1"]
[EndTime "11:36:05 PST"]
[Termination "IceBelka won by checkmate"]

1. e4 c5 2. Nf3 e6 3. d4 cxd4 4. Nxd4 a6 5. Nc3 Nf6 6. Be3 Qc7 7. Bd3 d6 8. O-O Be7 9. f4 Nbd7 10. a4 Nc5 11. Qf3 O-O 12. Rae1 g6 13. f5 e5 14. Nde2 Nxd3 15. cxd3 Nh5 16. g4 Nf6 17.
Bg5 b5 18. Bxf6 Bxf6 19. Nd5 Qc5+ 20. d4 exd4 21. Nxf6+ Kg7 22. Nd5 d3+ 23. Rf2 dxe2 24. fxg6 hxg6 25. Qf6+ Kh7 26. Qh4+ Kg7 27. Qf6+ Kh7 28.
Rxe2 Bxg4 29. Re3 Bh5 30. Rh3 Qc1+ 31. Rf1 Qh6 32. Nf4 Rac8 33. Nxh5 gxh5 34. Qxh6+ Kxh6 35. Rc3 Rxc3 36. bxc3 bxa4 37. Rf6+ Kg5 38. Rxd6 Re8 39.
Rxa6 Rxe4 40. Kf2 f5 41. Ra5 h4 42. h3 Kf4 43. Ra8 Rc4 44. Ra5 Rxc3 45. Rxa4+ Kg5 46.
Ra5 Rxh3 47. Kg2 Rb3 48. Kh2 Rb2+ 49. Kh3 Rb3+ 50. Kg2 Kg4 51. Ra4+ f4 52. Ra2 Rg3+ 53. Kh2 Re3 54. Rg2+ Kf3 55. Ra2 Re2+ 56. Rxe2 Kxe2 57.
Kh3 f3 58. Kxh4 f2 59. Kg3 f1=Q 60. Kg4 Qf2 61. Kg5 Ke3 62. Kh5 Qg2 63. Kh4 Kf4 64.
Kh5 Qg5# 0-1